 Dungeon Crawl Stone Soup version 0.17-a0-1591-g7a45446 (webtiles) character file.

381 mrath the Skirmisher (level 6, -3/84 HPs)
             Began as a Minotaur Berserker on July 29, 2015.
             Was a Priest of Trog.
             Slain by a mummy (11 damage)
             ... in an ossuary.
             The game lasted 00:21:54 (3733 turns).

mrath the Skirmisher (Minotaur Berserker)           Turns: 3733, Time: 00:21:54

Health: -3/84      AC: 10    Str: 29    XL:     6   Next: 46%
Magic:  5/5        EV: 10    Int:  4    God:    Trog [***...]
Gold:   108        SH:  0    Dex:  9    Spells: 0 memorised, 5 levels left

rFire  . . .     SeeInvis .     h - +3 falchion
rCold  . . .     Clarity  .     m - +1 chain mail
rNeg   . . .     SustAt   .     (no shield)
rPois  .         Gourm    .     (helmet restricted)
rElec  .         Spirit   .     (no cloak)
rCorr  .         Warding  .     (no gloves)
rMut   .         Stasis   .     (no boots)
MR     .....                    i - amulet of regeneration
Stlth  ..........               (no ring)
                                (no ring)

@: berserking, very quick, not resistant to hostile enchantments, extremely
unstealthy
A: retaliatory headbutt, horns 2
a: Burn Spellbooks, Berserk, Trog's Hand, Renounce Religion


You were in an ossuary.
You worshipped Trog.
Trog was most pleased with you.
You were hungry.

You visited 1 branch of the dungeon, and saw 4 of its levels.
You also visited: Ossuary.

You collected 108 gold pieces.

Inventory:

Hand weapons
 a - a +0 hand axe
 b - a +1 flail of protection
 h - a +3 falchion (weapon)
 o - a +0 flail
 v - a +0 trident
 x - a +0 hunting sling
Missiles
 e - 42 stones
 g - 3 tomahawks (quivered)
 k - 110 sling bullets
 l - 21 bolts
Armour
 m - a +1 chain mail (worn)
Jewellery
 i - an amulet of regeneration (around neck)
Magical devices
 q - a wand of digging (3)
Scrolls
 d - a scroll of teleportation
 y - a scroll of amnesia {unknown}
 z - a scroll of identify {unknown}
Potions
 n - 3 potions of curing {unknown}
 s - 2 potions of degeneration {unknown}
 t - a potion of agility {unknown}
Comestibles
 c - 3 bread rations
 f - 2 chunks of flesh
 j - 3 meat rations
 u - a fruit


   Skills:
 + Level 5.2 Fighting
 + Level 2.4 Long Blades
 - Level 5.0 Axes
 + Level 4.6 Armour
 + Level 3.7 Dodging
 - Level 0.6 Stealth


You had 5 spell levels left.
You didn't know any spells.

Dungeon Overview and Level Annotations

Branches:
Dungeon (4/15)
 Temple: D:4-7

Altars:
Dithmenos
Elyvilon
Gozag
Trog


Innate Abilities, Weirdness & Mutations

You reflexively headbutt those who attack you in melee.
You have a pair of horns on your head.


Message History

The kobold zombie hits you but does no damage.
The mummy barely misses you.
The hobgoblin zombie hits you but does no damage.
The mummy completely misses you. You furiously retaliate!
You headbutt the mummy! The mummy hits you.
* * * LOW HITPOINT WARNING * * *
Use which ability? (? or * to list)
A red film seems to cover your vision as you go berserk!
You feel yourself moving faster!
You feel mighty!
You are feeling hungry.
The big kobold zombie hits you but does no damage.
The kobold zombie hits you but does no damage.
The hobgoblin zombie hits you but does no damage.
The mummy hits you!
* * * LOW HITPOINT WARNING * * *
You slash the mummy!
You feel the power of Trog in you as your rage grows.
You destroy the mummy!
The mummy hits you!
You die...

...............
..............
............
#........#
#......# #....#
#ZM..# #Z.Z.#
#M@M.# #..Z.#
#....# #....#
#....# #.∩∩.#
######


You could see 3 mummies, a hobgoblin zombie, a kobold zombie, a big kobold
zombie and an orc zombie.

Vanquished Creatures
  Edmund (D:4)
  An orc wizard (D:3)
  2 hounds (D:4)
  Jessica (D:3)
  2 mummies
  A gnoll (D:1)
  2 adders (D:2)
  3 worms (D:2)
  2 giant geckos
  5 orcs (D:3)
  A ball python (D:2)
  3 giant cockroaches
  10 goblins
  11 hobgoblins
  3 jackals (D:4)
  7 kobolds
  A quokka (D:3)
  10 bats
  2 giant newts
  A hobgoblin zombie (Ossuary)
  A kobold zombie (Ossuary)
  An orc zombie (Ossuary)
  7 rats
78 creatures vanquished.

Notes
Turn   | Place    | Note
--------------------------------------------------------------
     0 | D:1      | mrath the Minotaur Berserker began the quest for the Orb.
     0 | D:1      | Reached XP level 1. HP: 19/19 MP: 0/0
   337 | D:1      | Reached skill level 4 in Axes
   550 | D:1      | Reached XP level 2. HP: 22/27 MP: 1/1
  1034 | D:1      | Reached XP level 3. HP: 31/33 MP: 2/2
  1891 | D:2      | Found a white marble altar of Elyvilon.
  1907 | D:2      | Found an opulent altar of Gozag.
  1996 | D:2      | Found a bloodstained altar of Trog.
  2310 | D:2      | Acquired Trog's second power
  2310 | D:2      | Reached XP level 4. HP: 40/40 MP: 3/3
  2456 | D:2      | Found a shadowy altar of Dithmenos.
  2659 | D:3      | Noticed Jessica
  2665 | D:3      | Killed Jessica
  2665 | D:3      | Reached skill level 5 in Axes
  3056 | D:3      | Found a faded altar to an unknown god.
  3428 | D:4      | Reached XP level 5. HP: 42/47 MP: 4/4
  3433 | D:4      | Reached skill level 1 in Long Blades
  3639 | D:4      | Noticed Edmund
  3659 | D:4      | Killed Edmund
  3659 | D:4      | Reached skill level 5 in Fighting
  3659 | D:4      | Reached XP level 6. HP: 56/56 MP: 5/5
  3690 | D:4      | Found a sand-covered staircase.
  3705 | Ossuary  | Entered an ossuary
  3733 | Ossuary  | Slain by a mummy

Vault maps used:
D:1:      dpeg_arrival_court, patterned_corridor
D:2:      nicolae_overflow_quartered_altars, kennysheep_another_room
D:3:      ecumenical_altar_2, uniq_jessica
D:4:      ashenzari_conservatory_becter, gup_ossuary_entry_pyramid, uniq_edmund
Ossuary:  ossuary_tomb_3

Action                   |  1- 3 |  4- 6 || total
-------------------------+-------+-------++-------
Melee: Hand axe          |   104 |    49 ||   153
       Falchion          |       |    54 ||    54
Throw: Stone             |     2 |     1 ||     3
Invok: Berserk           |       |     2 ||     2
  Use: Scroll            |       |     5 ||     5
  Eat: Chunk             |     5 |     5 ||    10
